 Dungeon Crawl Stone Soup version 0.30-a0-439-g9e77e4d916 (webtiles) character file.

Game seed: 2291487878071927947

45587 MackTheKnife the Spry (level 14, -8/116 HPs)
             Began as a Merfolk Warper on Dec 10, 2022.
             Was a Priest of Qazlal.
             Mangled by Donald
             ... wielding a +0 long sword of holy wrath
              (30 damage)
             ... on level 1 of the Orcish Mines.
             The game lasted 00:32:50 (23037 turns).

MackTheKnife the Spry (Merfolk Warper)             Turns: 23037, Time: 00:32:50

Health: -8/116     AC:  6    Str: 15    XL:     14   Next: 33%
Magic:  22/22      EV: 25    Int: 15    God:    Qazlal [***...]
Gold:   1087       SH:  4    Dex: 25    Spells: 17/17 levels left

rFire   . . .      SeeInvis .    T - +7 captain's cutlass {speed, disarm}
rCold   + . .      Faith    .    (no shield)
rNeg    . . .      Spirit   .    E - +1 leather armour of Valiance {-Cast Str+4 Slay+5}
rPois   .          Reflect  .    F - +0 hat {Int+3}
rElec   +          Harm     .    O - +0 cloak
rCorr   .          Rampage  .    (no gloves)
Will    ++...      NoCast   +    (no boots)
Stlth   +.........               (no amulet)
HPRegen 0.39/turn                R - +6 ring of dexterity
MPRegen 0.18/turn                f - ring of willpower

@: no status effects
A: (nimble swimmer 2), mertail, cold resistance 1, electricity resistance
a: Renounce Religion, Upheaval, Elemental Force


You were on level 1 of the Orcish Mines.
You worshipped Qazlal.
Qazlal was most pleased with you.
You visited 3 branches of the dungeon, and saw 17 of its levels.
You also visited: Bailey and Volcano.

You collected 1591 gold pieces.
You spent 504 gold pieces at shops.


Innate Abilities, Weirdness & Mutations

((You are very nimble when in or above water. (Stealth+, EV+, Speed+++)))
Your lower body shifts to a powerful aquatic tail in water.
Your flesh is cold resistant. (rC+)
You are resistant to electric shocks. (rElec)


   Skills:
 - Level 12.3 Fighting
 + Level 12.5 Short Blades
 - Level 1.0 Throwing
 - Level 6.0 Armour
 - Level 15.0 Dodging
 - Level 2.0 Spellcasting
 - Level 2.4 Translocations
 - Level 10.7 Invocations
 - Level 10.1 Evocations


You had 17 spell levels left.
You didn't know any spells.
Your spell library contained the following spells:

 Spells                   Type           Power      Damage    Failure   Level
 Apportation              Tloc           16%        N/A       10%         1
 Blink                    Tloc           16%        N/A       16%         2
 Gell's Gravitas          Tloc           8%         N/A       30%         3
 Lesser Beckoning         Tloc           16%        N/A       30%         3
 Teleport Other           Tloc           8%         N/A       30%         3
 Ensorcelled Hibernation  Hex/Ice        2%         N/A       36%         2
 Passwall                 Tmut/Erth      0%         N/A       36%         2
 Scorch                   Fire           2%         2d5       36%         2
 Vhi's Electric Charge    Tloc/Air       10%        N/A       43%         3
 Summon Guardian Golem    Hex/Summ       1%         N/A       61%         3
 Swiftness                Air            1%         N/A       61%         3
 Manifold Assault         Tloc           8%         N/A       69%         4
 Flame Wave               Conj/Fire      1%         2d4       95%         4
 Summon Ice Beast         Ice/Summ       1%         N/A       95%         4
 Alistair's Intoxication  Tmut/Pois      0%         N/A       100%        5
 Summon Mana Viper        Hex/Summ       1%         N/A       100%        5
 Summon Cactus Giant      Summ           0%         N/A       100%        6
 Monstrous Menagerie      Summ           0%         N/A       100%        7
 Orb of Destruction       Conj           0%         9d5       100%        7
 Spellforged Servitor     Conj/Summ      0%         N/A       100%        7

Inventory:

Hand Weapons
 c - a +6 dagger of electrocution {short}
   (You took it off a goblin on level 2 of the Dungeon)
 o - the +12 dagger "Zeenn" {elec, *Slow Str+5, short}
   (You took it off a red draconian in a volcano)

   It occasionally discharges a powerful burst of electricity upon striking a
   foe.
   Str:       It affects your strength (+5).
   *Slow:     It may slow you when you take damage.
 p - the +3 dagger of Resourcefulness {drain, rElec rC+ Str+2, short}
   (You found it on level 7 of the Dungeon)

   A truly terrible weapon, it drains the life of any living foe it strikes.
   Str:       It affects your strength (+2).
   rC:        It protects you from cold.
   rElec:     It insulates you from electricity.
 T - the +7 captain's cutlass (weapon) {speed, disarm}
   (You found it on level 5 of the Lair of Beasts)

   Attacks with this weapon are significantly faster.
   It may disarm weapon-wielding foes when striking them, dealing extra damage
   in the process.
Missiles
 d - 7 boomerangs of dispersal (quivered) {=f!fthrowing}
Armour
 w - a +2 ring mail of willpower
   (You found it on level 3 of the Dungeon)
 E - the +1 leather armour of Valiance (worn) {-Cast Str+4 Slay+5}
   (You found it on level 8 of the Dungeon)

   Str:       It affects your strength (+4).
   Slay:      It affects your accuracy & damage with ranged weapons and melee
   (+5).
   -Cast:     It prevents spellcasting.
 F - a +0 hat of intelligence (worn)
   (You took it off Gastronok on level 1 of the Lair of Beasts)
 O - a +0 cloak (worn)
   (You took it off a red draconian in a volcano)
 S - the +2 chain mail of Feukh {rC+ Slay+2 SInv}
   (You found it on level 4 of the Lair of Beasts)

   Slay:      It affects your accuracy & damage with ranged weapons and melee
   (+2).
   rC:        It protects you from cold.
   SInv:      It lets you see invisible.
Jewellery
 f - a ring of willpower (right hand)
   (You found it on level 5 of the Dungeon)
 k - a ring of fire
   (You found it on level 2 of the Dungeon)
 m - a ring of ice
   (You found it on level 2 of the Dungeon)
 r - a ring of ice
   (You took it off Fannar on level 10 of the Dungeon)
 t - a ring of protection from cold
   (You found it on level 2 of the Dungeon)
 M - a +6 ring of strength
   (You found it on level 1 of the Lair of Beasts)
 R - a +6 ring of dexterity (left hand)
   (You bought it in a shop on level 5 of the Dungeon)
Wands
 j - a wand of mindburst (26)
   (You found it on level 9 of the Dungeon)
 C - a wand of flame (19)
   (You took it off a kobold on level 7 of the Dungeon)
 I - a wand of digging (5)
   (You took it off a centaur on level 6 of the Dungeon)
 K - a wand of polymorph (7)
   (You found it on level 3 of the Lair of Beasts)
Scrolls
 a - 2 scrolls of fog
 g - a scroll of fear
 l - 5 scrolls of identify {@r1}
 q - 4 scrolls of teleportation {@r4}
 v - a scroll of immolation {!r!r}
 x - 5 scrolls of enchant armour
 y - a scroll of amnesia
 z - 7 scrolls of summoning
 D - 4 scrolls of blinking {!r}
 J - a scroll of poison
 P - 4 scrolls of enchant weapon
Potions
 b - a potion of magic
 e - 4 potions of haste {@q3}
 h - 6 potions of curing {@q1}
 i - 3 potions of mutation {!q}
 n - a potion of flight
 s - 8 potions of cancellation
 u - 2 potions of brilliance
 B - 5 potions of might
 G - 2 potions of lignification {!q}
 H - 2 potions of resistance
 N - a potion of attraction {unknown}
 Q - a potion of heal wounds {@q2}
Miscellaneous
 A - a phial of floods (inert)
   (You found it on level 9 of the Dungeon)
 L - a condenser vane (inert)
   (You found it on level 1 of the Lair of Beasts)

Dungeon Overview and Level Annotations

Branches:
Dungeon (10/15) Zot: 25352  Temple (0/1) D:5            Lair (5/5) D:10 Zot: 23082
  Swamp (0/4) Lair:3        Snake (0/4) Lair:3        Slime (0/5) Lair:4
    Orc (2/2) D:9 Zot: 11582  Bailey (visited)         Volcano (visited)
    Elf: Orc:2

Altars:
Dithmenos
Hepliaklqana
Nemelex Xobeh
Okawaru
Qazlal
Uskayaw
Vehumet
Wu Jian
Xom
Zin
The Shining One

Shops:
D:5 =

Portals:
Trove: D:10 (give 2 scrolls of acquirement)

Annotations:
D:4 3 runed translucent doors, Shimatora's ghost, amateur OgGl
Orc:1 Donald

#.>..................
##.โ€ .............#...
#................#.#.
#..........#....#....
#..............##....
##..............##...
##..โ—‹...........#....
#...@..........).....
##..@..........รท.....
#..ยง.......#..##.....
##.....##...###......
#.....##...###......
##.....##.###.......
##.....##.#.#......
#..................
#...##.##.#.#.##.#.
##.##...##########.


You could see Donald (fast, strong).


Message History

You puncture the troll!
You kill the troll!
Qazlal accepts your kill. ๐Ÿ˜• HP[+1] Save game and exit? ๐Ÿค– Initializing magus.rc ...
Options error: Delay interrupt name "hungry" not recognised. (~/.crawlrc:4771) Options error: Bad monster_list_colour key: strict_neutral (~/.crawlrc:4786) Bad channel name for runrest: 'pray:' โœ… Successfully initialized magus.rc [v1.9.6] Welcome back, MackTheKnife the Merfolk Warper.
Qazlal says: Let the forces of nature tear it all down!
Press ? for a list of commands and other information.
There is a stone staircase leading down here. ๐Ÿ˜Ž HP[+6]
Your hp is fully restored (116).
You climb downwards.
Level annotation: Donald You hear a howl!
A warg comes into view.
You hear a shout!
There is a stone staircase leading up here.
Okay, then.
Unknown command.
Aim the phial where?
Press: ? - help, Shift-Dir - straight line, f - orc priest
Aim: an orc priest, wielding a +0 vorpal mace and wearing a +0 leather armour The torrent of water hits the orc priest!!
You kill the orc priest!
Qazlal accepts your kill.
The wave splashes down.
You hear a shout!
You hear a howl!
You hear a shout! x13
Donald says, "I hate storms."
Donald casts a spell.
Donald seems to grow stronger.
Okay, then.
Press: ? - help, v - describe, . - travel A stone staircase leading up.
Unknown command.
Donald says, "I hate complainers so much."
You hear a howl!
The warg completely misses you.
Donald mumbles some strange words.
Donald seems to speed up.
You climb upwards.
There is a stone staircase leading down here.
The warg attacks as you move away! The warg completely misses you.
You hit Donald but do no damage.
Donald is engulfed in blazing flames.
Donald hits you with a +0 long sword of holy wrath! ๐Ÿ˜• HP[-10]
You take 10 damage, and now have 106/116 hp.
Unknown command.
You completely miss Donald. You puncture Donald!
Donald is engulfed in blazing flames.
Donald says, "This is such a pointless quest."
Donald hits you with a +0 long sword of holy wrath!! ๐Ÿ˜ฎ HP[-27]
You take 27 damage, and now have 79/116 hp.
MASSIVE DAMAGE!! (PAUSE)
You puncture the warg! The warg barely misses you.
You puncture the warg! You block Donald's attack.
You hit the warg but do no damage. The warg completely misses you.
You barely miss the warg.
Donald hits you with a +0 long sword of holy wrath! ๐Ÿ˜ฎ HP[-8]
You take 8 damage, and now have 71/116 hp.
You puncture the warg! The warg closely misses you. Donald misses you.
You impale the warg!!
You kill the warg!
Qazlal accepts your kill.
You hit Donald but do no damage.
Donald hits you with a +0 long sword of holy wrath!
* * * LOW HITPOINT WARNING * * *
๐Ÿ˜จ HP[-13]
You take 13 damage, and now have 58/116 hp.
You hit Donald. Donald blocks your attack. Donald misses you.
Donald blocks your attack.
Donald says, "I hate complainers so much."
Donald completely misses you.
Okay, then.
Okay, then. ๐Ÿ˜ฎ HP[+1] Unknown command.
Donald says, "Is it turtles all the way down?"
Donald misses you.
Unknown command. ๐Ÿ˜ฎ HP[+1] Unknown command.
Unknown command.
Donald says, "Maybe I'll visit Hell next."
Donald misses you.
Unknown command.
Unknown command.
Donald attacks as you move away!
Donald hits you with a +0 long sword of holy wrath!!!
* * * LOW HITPOINT WARNING * * *
Donald says, "I'll never be able to carry all this gold!
I hate that."
Donald hits you with a +0 long sword of holy wrath!!
You die...

Skill      XL: |  1  2  3  4  5  6  7  8  9 10 11 12 13 14 |
---------------+-------------------------------------------+-----
Short Blades   | 3 4 5 6 7 8 9 10 12 | 12.5
Dodging        | 3 5 6 8 10 13 14 15 | 15.0
Fighting       | 4 5 7 11 12 | 12.3
Invocations    | 6 10 | 10.7
Evocations     | 7 10 | 10.1
Armour         | 6 |  6.0
Throwing       | |  1.0
Spellcasting   | |  2.0
Translocations | |  2.4

Action                   |  1- 3 |  4- 6 |  7- 9 | 10-12 | 13-15 || total
-------------------------+-------+-------+-------+-------+-------++-------
Melee: Short sword       |   165 |    38 |       |       |       ||   203
       Dagger            |       |   162 |   302 |   628 |   279 ||  1371
       Punch             |       |       |     3 |    11 |     4 ||    18
       Tailslap          |       |       |     2 |     1 |    18 ||    21
       Cutlass           |       |       |       |       |   185 ||   185
Invok: Upheaval          |       |       |     2 |     9 |    12 ||    23
       Elemental Force   |       |       |     2 |     1 |     2 ||     5
Evoke: Phial of floods   |       |       |       |     1 |     2 ||     3
       Wand              |       |       |       |       |     8 ||     8
       Condenser vane    |       |       |       |       |     2 ||     2
  Use: Potion            |     3 |       |     4 |       |     5 ||    12
       Scroll            |       |     6 |     9 |     7 |     4 ||    26
 Stab: Distracted        |       |       |     1 |       |       ||     1
       Paralysed         |       |       |       |       |     1 ||     1
Armor: Leather armour    |    48 |    12 |       |    21 |    17 ||    98
       Ring mail         |       |    19 |    38 |     4 |       ||    61
       Chain mail        |       |       |       |       |    38 ||    38
       Skin              |       |       |       |       |     6 ||     6
Dodge: Dodged            |   137 |   125 |   137 |   341 |   284 ||  1024
       Repelled          |       |       |       |     2 |       ||     2
Block: Other             |       |     9 |    37 |    87 |    50 ||   183

Levels and vault maps discovered:
D:1:      erik_arrival_triangle_small, layout_basic, serial_co_window_serial,
          co_window_paths_a, co_window_paths_a, co_window_of_opportunity_a,
          co_window_corner_a, co_window_paths_a, co_window_corner_cb,
          co_window_corner_b, co_window_corner_cb, co_window_corner_b,
          co_window_2corner, glass_columns_b, glass_columns_b, glass_columns_a
D:2:      layout_rooms, hellmonk_ecumenical_altar_dog_temple, serial_curves,
          eino_curves_04, eino_curves_03
D:3:      layout_basic
D:4:      layout_basic, amcnicky_altar_gilded, mainiacjoe_overflow_boulevard,
          ebering_ghost_rock_garden
D:5:      layout_gridville, mainiacjoe_overflow_alcove_1,
          minmay_temple_entry_hall, serial_shops, shop, st_stairs_3
D:6:      kennysheep_housing_project, layout_basic, uniq_pikel, uniq_eustachio
D:7:      layout_layer_cave, vehumet_altar_wand_db,
          mainiacjoe_overflow_tiny_flanked, enter_bailey_3, serial_bayou_pond_c
D:8:      layout_gridville
D:9:      layout_basic, okawaru_metal_pillars_3, grunt_temple_overflow_open,
          nicolae_wu_jian_wuxing_cycle, hiddenorc2_lemuel
D:10:     layout_loops_corners, erik_lair_orcish_takeover,
          nicolae_trove_entry_diagonal, uniq_grum, uniq_fannar
Lair:1:   layout_chaotic_city, lemuel_fruit_tree, uniq_sonja, uniq_gastronok
Lair:2:   layout_layer_cave, infiniplex_staircase_pool
Lair:3:   layout_regular_city, minmay_swamp_entry_worms,
          minmay_snake_entry_six_corridors, chequers_serial_rivers_micro_e
Lair:4:   layout_regular_city, slime_entry_1, enter_volcano_2
Lair:5:   gammafunk_lair_ancient_temple, layout_big_grid, st_stairs_11,
          infiniplex_staircase_pool_2
Orc:1:    layout_caves
Orc:2:    pf_orc_diabolical, layout_caves, serial_shops, nicolae_shop_stone,
          mines_bat_river, uniq_donald

Notes
Turn   | Place    | Note
-------+----------+-------------------------------------------
     0 | D:1      | MackTheKnife the Merfolk Warper began the quest for the
                  | Orb.
     0 | D:1      | Reached XP level 1. HP: 16/16 MP: 3/3
     0 | D:1      | magus.rc [v1.9.6]
    51 | D:1      | Reached skill level 3 in Short Blades
   149 | D:1      | Reached XP level 2. HP: 19/22 MP: 5/5
   844 | D:1      | Reached skill level 4 in Short Blades
   915 | D:1      | Reached XP level 3. HP: 24/27 MP: 6/6
  1314 | D:1      | HP: 5/27 [goblin/+0 dagger (3)]
  1317 | D:1      | HP: 1/27 [adder (2)]
  1475 | D:2      | Found a faded altar of an unknown god.
  1557 | D:2      | Prayed at the altar of an unknown god.
  1557 | D:2      | Became a worshipper of Qazlal Stormbringer
  1557 | D:2      | Reached * piety under Qazlal
  1623 | D:2      | Reached skill level 5 in Short Blades
  1671 | D:2      | Reached XP level 4. HP: 33/33 MP: 7/7
  1689 | D:2      | You pick up a book of Burglary and begin reading...
  1689 | D:2      | You add the spells Passwall, Ensorcelled Hibernation and
                  | Swiftness to your library.
  1864 | D:2      | HP: 8/33 [frozen (4)]
  1865 | D:2      | HP: 3/33 [goblin/+3 dagger of electrocution (3)]
  2634 | D:3      | HP: 5/33 [gnoll/+0 spear (5)]
  2925 | D:4      | Reached skill level 6 in Short Blades
  2925 | D:4      | Reached XP level 5. HP: 38/38 MP: 8/8
  2936 | D:4      | Found a shadowy altar of Dithmenos.
  3021 | D:4      | Reached ** piety under Qazlal
  3058 | D:4      | Reached skill level 3 in Dodging
  3368 | D:4      | Found a shimmering altar of Xom.
  3384 | D:4      | You pick up a book of Displacement and begin reading...
  3464 | D:4      | Found a runed translucent gate.
  3465 | D:4      | Found a runed translucent gate.
  3466 | D:4      | Found a runed translucent gate.
  3467 | D:4      | Noticed Shimatora's ghost (amateur OgGl)
  3512 | D:4      | Reached XP level 6. HP: 44/44 MP: 9/9
  3783 | D:4      | Reached skill level 4 in Dodging
  3794 | D:4      | Reached skill level 7 in Short Blades
  4748 | D:5      | Entered Level 5 of the Dungeon
  4748 | D:5      | Found Savox's Jewellery Shop.
  4881 | D:5      | Reached skill level 5 in Dodging
  4936 | D:5      | Found a staircase to the Ecumenical Temple.
  5101 | D:5      | Reached XP level 7. HP: 51/51 MP: 10/10
  5139 | D:5      | Found a glowing silver altar of Zin.
  5469 | D:5      | Reached skill level 3 in Fighting
  5689 | D:6      | Noticed a vampire
  5937 | D:6      | Reached skill level 8 in Short Blades
  6107 | D:6      | Reached skill level 6 in Dodging
  6372 | D:6      | Reached skill level 4 in Fighting
  6372 | D:6      | Reached XP level 8. HP: 58/60 MP: 11/11
  6488 | D:6      | Reached *** piety under Qazlal
  6636 | D:6      | Noticed Eustachio
  6644 | D:6      | Reached skill level 7 in Dodging
  6663 | D:6      | Killed Eustachio
  6664 | D:6      | Reached skill level 5 in Fighting
  6664 | D:6      | Reached skill level 9 in Short Blades
  6984 | D:6      | HP: 12/62 [poisoned by a gnoll sergeant]
  7169 | D:6      | Killed a vampire
  7170 | D:6      | Reached skill level 8 in Dodging
  7296 | D:6      | Reached XP level 9. HP: 69/69 MP: 12/12
  7373 | D:6      | Reached skill level 6 in Fighting
  7435 | D:6      | You pick up a book of Party Tricks and begin reading...
  7435 | D:6      | You add the spells Apportation and Alistair's Intoxication
                  | to your library.
  7703 | D:6      | Reached skill level 10 in Short Blades
  7786 | D:5      | Bought a +6 ring of dexterity for 504 gold pieces
  7976 | D:6      | Noticed Pikel
  7983 | D:6      | Killed Pikel
  7984 | D:6      | Reached skill level 7 in Fighting
  7984 | D:6      | Reached skill level 9 in Dodging
  8087 | D:7      | Found a flagged portal.
  8144 | D:7      | Reached skill level 10 in Dodging
  8264 | Bailey   | Entered a bailey
  8279 | Bailey   | Reached skill level 1 in Invocations
  8281 | Bailey   | Reached **** piety under Qazlal
  8285 | Bailey   | Reached skill level 2 in Invocations
  8293 | Bailey   | Reached skill level 3 in Invocations
  8389 | Bailey   | Reached skill level 4 in Invocations
  8600 | Bailey   | Noticed an orc knight
  8601 | Bailey   | Noticed an orc knight
  8607 | Bailey   | Noticed an orc knight
  8620 | Bailey   | Killed an orc knight
  8621 | Bailey   | Reached skill level 6 in Invocations
  8621 | Bailey   | Reached XP level 10. HP: 80/80 MP: 2/14
  8630 | Bailey   | Killed an orc knight
  8631 | Bailey   | Reached skill level 7 in Invocations
  8639 | Bailey   | Killed an orc knight
  8640 | Bailey   | Reached skill level 8 in Invocations
  8767 | Bailey   | Identified a +0 crystal plate armour
  8779 | Bailey   | HP: 18/80 [orc warrior/+0 glaive (12)]
  8972 | Bailey   | a +0 glaive {polearm}; a +0 crystal plate armour {rare=g};
                  | a scroll of enchant armour
  8974 | Bailey   | v - a +0 crystal plate armour {rare=g}
  9148 | D:7      | Found a hide-covered altar of Uskayaw.
  9343 | D:7      | Reached skill level 9 in Invocations
  9436 | D:7      | Identified the +3 dagger of Resourcefulness {drain, rElec
                  | rC+ Str+2}
  9657 | D:7      | Found a radiant altar of Vehumet.
 10309 | D:8      | Noticed a two-headed ogre
 10325 | D:8      | HP: 20/80 [two-headed ogre/+0 giant club (28)]
 10326 | D:8      | Killed a two-headed ogre
 10531 | D:8      | You pick up a book of Dangerous Friends and begin
                  | reading...
 10531 | D:8      | You add the spells Summon Guardian Golem, Orb of
                  | Destruction and Spellforged Servitor to your library.
 10538 | D:8      | Identified the +1 leather armour of Valiance {-Cast Str+4
                  | Slay+5}
 10577 | D:8      | Reached skill level 10 in Invocations
 10777 | D:8      | Reached XP level 11. HP: 83/86 MP: 19/19
 10957 | D:8      | Reached skill level 8 in Fighting
 11633 | D:9      | Found a staircase to the Orcish Mines.
 11664 | D:9      | Reached skill level 11 in Dodging
 11820 | D:9      | You drop a +0 crystal plate armour {rare=g}.
 11838 | D:9      | v - a +0 crystal plate armour {rare=g}
 11967 | D:9      | Found a sparkling altar of Nemelex Xobeh.
 11969 | D:9      | Found a hazy altar of Hepliaklqana.
 11972 | D:9      | Found a glowing golden altar of the Shining One.
 12395 | D:9      | Found an iron altar of Okawaru.
 12691 | D:9      | Found an ornate altar of the Wu Jian Council.
 12909 | D:9      | You drop a +0 crystal plate armour {rare=g}.
 12942 | D:10     | Entered Level 10 of the Dungeon
 13002 | D:10     | Noticed a two-headed ogre
 13015 | D:10     | Killed a two-headed ogre
 13016 | D:10     | Reached skill level 9 in Fighting
 13070 | D:10     | Found a staircase to the Lair.
 13075 | D:10     | Reached ***** piety under Qazlal
 13344 | D:10     | Noticed Fannar
 13363 | D:10     | Killed Fannar
 13364 | D:10     | Reached skill level 12 in Dodging
 13536 | D:10     | Found a portal to a secret trove of treasure.
 13632 | D:10     | This trove needs 2 scrolls of acquirement to function. Give
                  | it the items?
 13862 | D:10     | Noticed Grum
 13872 | D:10     | Killed Grum
 13879 | D:10     | Reached skill level 10 in Fighting
 14200 | Lair:1   | Entered Level 1 of the Lair of Beasts
 14202 | Lair:1   | Noticed Gastronok
 14438 | Lair:1   | HP: 14/91 [Gastronok/the air (36)]
 14439 | Lair:1   | Killed Gastronok
 14440 | Lair:1   | Reached skill level 13 in Dodging
 14687 | Lair:1   | Noticed Sonja
 14696 | Lair:1   | Killed Sonja
 14697 | Lair:1   | Reached skill level 11 in Fighting
 14697 | Lair:1   | Reached XP level 12. HP: 60/100 MP: 20/20
 15556 | Lair:2   | Noticed a five-headed hydra
 15559 | Lair:2   | Killed a five-headed hydra
 15566 | Lair:2   | Reached skill level 14 in Dodging
 15582 | Lair:2   | Identified the +3 scale mail of Hangman {Int+4}
 15771 | Lair:2   | Noticed an eight-headed hydra
 15782 | Lair:2   | Killed an eight-headed hydra
 15782 | Lair:2   | HP: 19/100 [suicidal targeting (27)]
 16026 | Lair:2   | You pick up a book of Beasts and begin reading...
 16026 | Lair:2   | You add the spells Summon Ice Beast, Summon Mana Viper and
                  | Monstrous Menagerie to your library.
 16454 | Lair:3   | Reached skill level 12 in Fighting
 16517 | Lair:3   | Reached skill level 1 in Evocations
 16634 | Lair:3   | Reached skill level 2 in Evocations
 16640 | Lair:3   | Reached skill level 3 in Evocations
 16653 | Lair:3   | Reached skill level 4 in Evocations
 16787 | Lair:3   | Found a staircase to the Snake Pit.
 16800 | Lair:3   | Reached skill level 5 in Evocations
 17097 | Lair:3   | Reached skill level 6 in Evocations
 17135 | Lair:3   | Noticed a catoblepas
 17150 | Lair:3   | Killed a catoblepas
 17494 | Lair:3   | Found a staircase to the Swamp.
 17832 | Lair:4   | Reached skill level 7 in Evocations
 17833 | Lair:4   | Reached XP level 13. HP: 100/108 MP: 15/21
 17908 | Lair:4   | Reached skill level 8 in Evocations
 17983 | Lair:4   | You pick up a book of Scorching and begin reading...
 17983 | Lair:4   | You add the spells Scorch, Flame Wave and Summon Cactus
                  | Giant to your library.
 18009 | Lair:4   | Reached skill level 9 in Evocations
 18055 | Lair:4   | HP: 23/108 [boulder beetle (22)]
 18121 | Lair:4   | Found a dark tunnel.
 18130 | Volcano  | Entered a volcano
 18497 | Volcano  | Identified the +12 dagger "Zeenn" {elec, *Slow Str+5}
 18497 | Volcano  | Noticed a red draconian
 18538 | Volcano  | Killed a red draconian
 18539 | Volcano  | Reached skill level 10 in Evocations
 18767 | Volcano  | Found a burning altar of Makhleb.
 18837 | Lair:4   | Found a staircase to the Slime Pits.
 19058 | Lair:4   | Identified the +2 chain mail of Feukh {rC+ Slay+2 SInv}
 19210 | Lair:4   | Reached skill level 1 in Armour
 19505 | Lair:5   | Entered Level 5 of the Lair of Beasts
 19542 | Lair:5   | HP: 23/108 [elephant (12)]
 19549 | Lair:5   | Reached skill level 2 in Armour
 19818 | Lair:5   | Reached skill level 3 in Armour
 20364 | Lair:5   | Reached skill level 4 in Armour
 20618 | Lair:5   | HP: 16/108 [six-headed hydra (13)]
 20618 | Lair:5   | HP: 6/108 [six-headed hydra (10)]
 20621 | Lair:5   | Reached skill level 5 in Armour
 20829 | Lair:5   | Gained mutation: You are resistant to electric shocks.
                  | (rElec) [potion of mutation]
 20829 | Lair:5   | Gained mutation: Your flesh is cold resistant. (rC+)
                  | [potion of mutation]
 20835 | Lair:5   | Paralysed by a hornet for 3 turns
 21217 | Lair:5   | Reached skill level 6 in Armour
 21322 | Lair:5   | Found the +7 captain's cutlass {speed, disarm}
 21334 | Lair:5   | Reached XP level 14. HP: 115/115 MP: 19/22
 21381 | Lair:5   | Reached skill level 15 in Dodging
 21582 | Lair:5   | Reached skill level 11 in Short Blades
 21896 | Lair:5   | Reached skill level 12 in Short Blades
 22592 | Orc:1    | Entered Level 1 of the Orcish Mines
 22593 | Orc:1    | magus.rc [v1.9.6]
 22963 | Orc:2    | Entered Level 2 of the Orcish Mines
 22965 | Orc:2    | Noticed Donald
 22984 | Orc:1    | magus.rc [v1.9.6]
 23037 | Orc:1    | HP: 21/116 [Donald/+0 long sword of holy wrath (39)]
 23037 | Orc:1    | Mangled by Donald

Vanquished Creatures
  Gastronok (Lair:1)
  A red draconian (Volcano)
  Fannar (D:10)
  6 hydras
  A boulder beetle (Lair:4)
  A merfolk avatar (Lair:5)
  2 catoblepae
  2 two-headed ogres
  A death yak (Lair:5)
  Sonja (Lair:1)
  A salamander mystic (Volcano)
  An obsidian statue (Volcano)
  3 orc knights (Bailey)
  Pikel (D:6)
  3 harpies (Lair:5)
  A manticore (Lair:5)
  A salamander (Volcano)
  9 elephants
  A torpor snail (Lair:5)
  5 black mambas
  13 cane toads
  10 komodo dragons
  A freezing wraith (D:10)
  3 trolls
  A hornet (Lair:5)
  4 polar bears
  2 tyrant leeches (Lair:3)
  18 blink frogs
  Eustachio (D:6)
  A vampire (D:6)
  12 yaks
  4 wyverns
  4 fire bats (Volcano)
  4 basilisks
  Grum (D:10)
  3 wargs
  An acid dragon (D:8)
  16 water moccasins
  13 orc warriors
  A sky beast (D:7)
  3 black bears
  An ice beast (D:7)
  3 ogres (Orc:1)
  2 wolves (D:10)
  6 centaurs
  4 lemures (D:6)
  4 kobold brigands
  10 bullfrogs
  3 gnoll sergeants (D:6)
  2 scorpions (D:6)
  8 wights
  3 killer bees (D:8)
  3 howler monkeys
  An electric eel (Lair:2)
  5 lava snakes (Volcano)
  5 hounds
  8 orc priests
  2 jellies
  2 gnoll boudas (D:6)
  3 iguanas
  17 orc wizards
  5 hell rats (Lair:1)
  20 gnolls
  11 adders
  2 white imps
  An ufetubus (D:7)
  2 worms (D:2)
  2 dart slugs
  64 orcs
  6 endoplasms
  2 giant cockroaches
  12 goblins
  11 hobgoblins
  4 jackals
  29 kobolds
  2 quokkas
  11 ball pythons
  9 bats
  2 frilled lizards (D:1)
  2 rats
448 creatures vanquished.

Vanquished Creatures (collateral kills)
  A blink frog (Lair:3)
  A snapping turtle (Lair:5)
  4 water moccasins
  An orc warrior (Bailey)
  An orc (Bailey)
8 creatures vanquished.

Vanquished Creatures (others)
  A salamander (Volcano)
  A cane toad (Lair:5)
  A kobold (D:9)
  24 fungi
  74 plants
101 creatures vanquished.

Grand Total: 557 creatures vanquished

Table legend:
 A = Non-vault XP
 B = Vault XP
 C = Vault XP percentage of total XP
 D = Non-vault monster count
 E = Vault monster count
 F = Vault count percentage of total count
                 A         B        C        D         E       F
            +---------+---------+-------+---------+---------+-------
      Total |   40179 |   24946 |  38.3 |     294 |     159 |  35.1
            +---------+---------+-------+---------+---------+-------
        D:1 |      76 |       2 |   2.6 |      26 |       1 |   3.7
        D:2 |     112 |       2 |   1.8 |      25 |       1 |   3.8
        D:3 |      95 |       0 |   0.0 |      19 |       0 |   0.0
        D:4 |     227 |       0 |   0.0 |      21 |       0 |   0.0
        D:5 |     195 |      40 |  17.0 |      10 |       1 |   9.1
        D:6 |     999 |    1714 |  63.2 |      13 |      32 |  71.1
        D:7 |     648 |       9 |   1.4 |      13 |       5 |  27.8
        D:8 |    2642 |      35 |   1.3 |      24 |       1 |   4.0
        D:9 |    1530 |     302 |  16.5 |      22 |      31 |  58.5
       D:10 |    1401 |    1958 |  58.3 |      10 |      14 |  58.3
     Lair:1 |    2020 |    2264 |  52.8 |      14 |       2 |  12.5
     Lair:2 |    3972 |       0 |   0.0 |      13 |       0 |   0.0
     Lair:3 |    5306 |    2393 |  31.1 |      16 |      10 |  38.5
     Lair:4 |    6433 |       0 |   0.0 |      20 |       0 |   0.0
     Lair:5 |   13202 |    8908 |  40.3 |      37 |      21 |  36.2
      Orc:1 |    1280 |       0 |   0.0 |      10 |       0 |   0.0
      Orc:2 |      41 |       0 |   0.0 |       1 |       0 |   0.0
     Bailey |       0 |    3067 | 100.0 |       0 |      26 | 100.0
    Volcano |       0 |    4252 | 100.0 |       0 |      14 | 100.0
            +---------+---------+-------+---------+---------+-------

Illustrated notes

Table legend:
 A = Kills in this place as a percentage of kills in entire the game.
 B = Kills by you in this place as a percentage of kills by you in the entire game.
 C = Kills by friends in this place as a percentage of kills by friends in the entire game.
 D = Other kills in this place as a percentage of other kills in the entire game.
 E = Experience gained in this place as a percentage of experience gained in the entire game.
 F = Experience gained in this place divided by the number of levels of this place that you have seen.
                   A       B       C       D       E      F
               +-------+-------+-------+-------+-------+----------------------
         Total | 100.0 | 100.0 | 100.0 | 100.0 | 100.0 | 3427.6
       Dungeon |  59.4 |  60.6 |   0.0 |   0.0 |  18.4 | 1198.7
          Lair |  29.4 |  28.6 |  75.0 |   0.0 |  68.3 | 8899.6
  Orcish Mines |   2.4 |   2.5 |   0.0 |   0.0 |   2.0 | 660.5
        Bailey |   5.7 |   5.4 |  25.0 |   0.0 |   4.7 | 3067.0
       Volcano |   3.1 |   2.9 |   0.0 | 100.0 |   6.5 | 4252.0
               +-------+-------+-------+-------+-------+----------------------

Table legend: (Time is in decaauts)
 A = Elapsed time spent in this place.
 B = Non-inter-level travel time spent in this place.
 C = Inter-level travel time spent in this place.
 D = Time resting spent in this place.
 E = Time spent auto-exploring this place.
 F = Levels seen in this place.
 G = Mean time per level.
                   A        B        C        D        E       F      G
               +--------+--------+--------+--------+--------+-----+--------+
         Total |  22201 |  21151 |   1050 |   5543 |  12369 |  19 | 1168.5 |
       Dungeon |  13506 |  12645 |    861 |   2549 |   8383 |  10 | 1350.6 |
          Lair |   6917 |   6766 |    151 |   2206 |   3485 |   5 | 1383.4 |
  Orcish Mines |    416 |    379 |     37 |     72 |    243 |   2 |  208.0 |
        Bailey |    716 |    716 |      0 |    395 |    154 |   1 |  716.0 |
       Volcano |    644 |    644 |      0 |    321 |    104 |   1 |  644.0 |
               +--------+--------+--------+--------+--------+-----+--------+

Top non-repeatable levels by time:
  Lair:5: 2788 daAuts
     D:6: 2127 daAuts
     D:1: 1660 daAuts
    D:10: 1632 daAuts
     D:7: 1412 daAuts
     D:9: 1326 daAuts
     D:8: 1273 daAuts
  Lair:3: 1230 daAuts
     D:4: 1133 daAuts
     D:2: 1122 daAuts
     D:5: 1089 daAuts
  Lair:4: 1087 daAuts
  Lair:1: 944 daAuts
  Lair:2: 867 daAuts
     D:3: 727 daAuts
